 Dungeon Crawl Stone Soup version 0.30-a0-879-ga8ba668304 (webtiles) character file.

Game seed: 6295741088934388742

394 Juicyj the Trooper (level 6, -2/52 (56) HPs)
             Began as a Minotaur Fighter on Mar 13, 2023.
             Slain by a wight
             ... wielding a +3 great sword
              (3 damage)
             ... on level 5 of the Dungeon.
             The game lasted 00:04:01 (1946 turns).

Juicyj the Trooper (Minotaur Fighter)               Turns: 1946, Time: 00:04:02

HP:   -2/52 (56)    AC: 11    Str: 23    XL:     6   Next: 51%
MP:   0/5           EV:  7    Int:  5    God:
Gold: 206           SH:  4    Dex:  9    Spells: 5/5 levels left

rFire   + . .      SeeInvis .    a - +1 war axe (venom)
rCold   . . .      Faith    .    c - +0 buckler
rNeg    . . .      Spirit   +    f - +2 chain mail {rF+}
rPois   .          Reflect  .    (helmet restricted)
rElec   .          Rampage  .    (no cloak)
rCorr   .                        (no gloves)
Will    .....                    (no boots) Stlth
                                 s - amulet of guardian spirit
HPRegen 0.28/turn                (no ring)
MPRegen 0.09/turn                (no ring)

@: drained
A: horns 2, retaliatory headbutt
a: no special abilities


You were on level 5 of the Dungeon.
You visited 1 branch of the dungeon, and saw 4 of its levels.

You collected 206 gold pieces.

Inventory:

Hand Weapons
 a - a +1 war axe of venom (weapon)
Missiles
 j - 6 poisoned darts (quivered)
 k - 4 atropa-tipped darts
 q - 2 throwing nets
Armour
 b - a +0 scale mail
 c - a +0 buckler (worn)
 f - a +2 chain mail of fire resistance (worn)
Jewellery
 s - an amulet of guardian spirit (around neck)
Wands
 n - a wand of flame (24)
Scrolls
 i - 3 scrolls of immolation
 o - 3 scrolls of teleportation
 p - a scroll of poison {unknown}
 r - a scroll of identify {unknown}
Potions
 d - a potion of might
 e - a potion of ambrosia {unknown}
 g - a potion of brilliance
 l - a potion of degeneration {unknown}
 m - 5 potions of heal wounds


   Skills:
 + Level 5.2 Fighting
 + Level 4.3 Axes
 + Level 2.5 Throwing
 + Level 5.1 Armour
 + Level 5.1 Shields


You had 5 spell levels left.
You didn't know any spells.
Your spell library was empty.

Dungeon Overview and Level Annotations

Branches:
Dungeon (3/15)

Altars:
Qazlal

Annotations:
D:3 1 runed translucent door, kenny's ghost, weakling DECj


Innate Abilities, Weirdness & Mutations

You have a pair of horns on your head.
You reflexively headbutt those who attack you in melee.


Message History

You open the door.
There is an open door here.
You close the door.
Found 11 gold pieces.
A wight opens the door.
Found a potion of heal wounds.
m - 5 potions of heal wounds (gained 1)
A gnoll comes into view. It is wielding a +0 halberd.
The gnoll moves out of view.
A gnoll bouda and a gnoll come into view.
The gnoll is wielding a +0 antimagic whip.
The gnoll bouda shouts!
The gnoll shouts!
Read: 4 scrolls of immolation
Press: ? - help, Q - select action, (/) - cycle Dir - look around, f - activate Look: a wight, wielding a +3 great sword and wearing a +0 robe of willpower (susceptible)
As you read the scroll of immolation, it crumbles to dust.
The creatures around you are filled with an inner flame!
A gnoll comes into view. It is wielding a +0 heavy spear.
Blink to where?
Press: ? - help, Q - select action, (/) - cycle Dir - move target, p - wight
As you read the scroll of blinking, it crumbles to dust.
Found 3 scrolls labelled KUPAUK XICZOWK.
You see here 11 gold pieces.
Found 10 gold pieces.
The gnoll's inner flame fades away.
The wight's inner flame fades away.
You see here 10 gold pieces.
A quokka comes into view.
You slash the quokka!
You kill the quokka!
The wight attacks as you move away!
The wight hits you with a +3 great sword!
* * * LOW HITPOINT WARNING * * *
You feel drained.
* * * LOW HITPOINT WARNING * * *
You see here a quokka corpse.
The wight attacks as you move away!
The wight hits you with a +3 great sword!
* * * LOW HITPOINT WARNING * * *
You feel drained.
You die...

.#.
#.#####..#
# #
#.g......#
#######.##
#.# #g# ##
#$# .# #.#
.####.#
#z#
......#
#@#
.######
#........
.#
####.....
.# #.## ##
#


You could see a wight and a gnoll.

Vanquished Creatures
  A scorpion (D:5)
  A wight (D:5)
  Terence (D:3)
  Ijyb (D:3)
  Robin (D:3)
  8 adders
  7 gnolls (D:3)
  A worm (D:2)
  3 dart slugs
  5 orcs (D:3)
  5 endoplasms
  2 giant cockroaches (D:1)
  10 goblins
  6 hobgoblins
  4 quokkas
  10 ball pythons
  4 bats
  2 frilled lizards (D:3)
  2 kobolds
  7 rats
81 creatures vanquished.

Notes
Turn   | Place    | Note
-------+----------+-------------------------------------------
     0 | D:1      | Juicyj the Minotaur Fighter began the quest for the Orb.
     0 | D:1      | Reached XP level 1. HP: 19/19 MP: 0/0
    44 | D:1      | Found a faded altar of an unknown god.
   152 | D:1      | Reached XP level 2. HP: 27/27 MP: 1/1
   670 | D:2      | Reached XP level 3. HP: 33/33 MP: 2/2
   941 | D:2      | Reached skill level 1 in Throwing
   941 | D:2      | Reached XP level 4. HP: 29/40 MP: 3/3
  1197 | D:3      | Noticed Ijyb
  1213 | D:3      | Killed Ijyb
  1301 | D:3      | Found a stormy altar of Qazlal.
  1394 | D:3      | Reached XP level 5. HP: 44/47 MP: 4/4
  1422 | D:3      | Noticed Robin
  1434 | D:3      | Killed Robin
  1448 | D:3      | Noticed Terence
  1457 | D:3      | Killed Terence
  1606 | D:3      | Found a runed translucent door.
  1611 | D:3      | Reached XP level 6. HP: 53/55 MP: 5/5
  1618 | D:3      | Noticed kenny's ghost (weakling DECj)
  1754 | D:3      | Reached skill level 5 in Fighting
  1836 | D:3      | You fall into a shaft and drop 2 floors!
  1836 | D:5      | Entered Level 5 of the Dungeon
  1846 | D:5      | Reached skill level 5 in Armour
  1846 | D:5      | Reached skill level 5 in Shields
  1946 | D:5      | HP: 1/54 [wight/+3 great sword (8)]
  1946 | D:5      | Slain by a wight

Illustrated notes

Levels and vault maps discovered:
D:1:      dpeg_arrival_rhombus, layout_loops_ring,
          hellmonk_ecumenical_altar_blasted
D:2:      layout_rooms, minmay_randomly_rotated_circles
D:3:      layout_loops_ring, grunt_qazlal_clouds, ebering_ghost_sewer_d,
          grunt_decor_cap, uniq_robin, uniq_ijyb, uniq_terence
D:5:      layout_loops_corners, minmay_temple_entry_drinking_statues,
          uniq_sigmund, uniq_grinder

Skill      XL: |  1  2  3  4  5  6 |
---------------+-------------------+-----
Fighting       | 4 5 |  5.2
Shields        | 4 5 |  5.1
Armour         | 4 5 |  5.1
Axes           | 3 4 |  4.3
Throwing       | 1 2 |  2.5

Action                     |  1- 3 |  4- 6 || total
---------------------------+-------+-------++-------
  Melee: War axe           |    67 |    99 ||   166
         Headbutt          |    12 |    20 ||    32
    Use: Scroll            |       |     9 ||     9
         Potion            |       |     5 ||     5
 Armour: Chain mail        |    35 |    58 ||    93
         Scale mail        |     3 |       ||     3
  Dodge: Dodged            |    27 |    29 ||    56
  Block: Buckler           |     9 |    22 ||    31

Table legend: (Time is in decaauts)
 A = Elapsed time spent in this place.
 B = Non-inter-level travel time spent in this place.
 C = Inter-level travel time spent in this place.
 D = Time resting spent in this place.
 E = Time spent auto-exploring this place.
 F = Levels seen in this place.
 G = Mean time per level.
                   A        B        C        D        E       F      G
               +--------+--------+--------+--------+--------+-----+--------+
         Total |   1989 |   1893 |     96 |      0 |   1393 |   4 |  497.2 |
       Dungeon |   1989 |   1893 |     96 |      0 |   1393 |   4 |  497.2 |
               +--------+--------+--------+--------+--------+-----+--------+

Top non-repeatable levels by time:
     D:1: 679 daAuts
     D:3: 651 daAuts
     D:2: 543 daAuts
     D:5: 113 daAuts
